 Dungeon Crawl Stone Soup version 0.13-b1-9-g87fe349 (webtiles) character file.

27064 Rake the Severer (level 12, -3/107 HPs)
             Began as a Minotaur Gladiator on Sept 29, 2013.
             Was a High Priest of Okawaru.
             Slain by a 18-headed hydra (9 damage)
             ... on Level 6 of the Lair of Beasts.
             The game lasted 00:47:21 (16407 turns).

Rake the Severer (Minotaur Gladiator)              Turns: 16407, Time: 00:47:21

HP  -3/107       AC 23     Str 20      XL: 12   Next: 98%
MP  11/16        EV  7     Int  5      God: Okawaru [*****.]
Gold 572         SH  0     Dex 15 (16) Spells:  0 memorised, 11 levels left

Res.Fire  : + . .   See Invis. : +   e - +3,+0 executioner's axe (holy)
Res.Cold  : . . .   Warding    : .   W - +2 orc plate armour {rF+}
Life Prot.: . . .   Conserve   : .   (no shield)
Res.Poison: +       Res.Corr.  : .   B - +2 wizard hat
Res.Elec. : .       Clarity    : .   P - +0 cloak
Sust.Abil.: . .     Spirit.Shd : .   (no gloves)
Res.Mut.  : .       Stasis     : .   (no boots)
Res.Rott. : .       Flight     : .   (no amulet)
Saprovore : . . .                    K - ring of poison resistance
                                     y - ring of see invisible

@: heroism, finesse, somewhat resistant to hostile enchantments, extremely
unstealthy
A: retaliatory headbutt, horns 2
a: Heroism, Finesse, Renounce Religion


You were on level 6 of the Lair of Beasts.
You worshipped Okawaru.
Okawaru was extremely pleased with you.
You were not hungry.

You visited 3 branches of the dungeon, and saw 16 of its levels.

You collected 755 gold pieces.
You spent 203 gold pieces at shops.

Inventory:

Hand weapons
 a - a +1,+0 hand axe {=f}
 e - a +3,+0 executioner's axe of holy wrath (weapon)
 s - a +0 blowgun
 t - a +7,+0 dwarven broad axe of chopping
 V - a +1,+0 orcish war axe
Missiles
 d - 2 throwing nets (quivered)
 i - a throwing net [frayed]
 j - 8 javelins
 n - 7 needles of frenzy
 x - 15 poisoned needles
 C - 8 curare-tipped needles
Armour
 B - a +2 wizard hat (worn)
 P - a +0 cloak (worn)
 W - a +2 orcish plate armour of fire resistance (worn)
Magical devices
 c - a wand of flame (13)
 g - a wand of digging (9)
 v - a wand of polymorph (9)
 w - a wand of paralysis (16)
 F - a wand of lightning (8)
 G - a wand of digging (6)
 Q - a wand of digging (11)
 U - a wand of fireball (2)
Comestibles
 b - a chunk of fire drake flesh
 f - a bread ration
 k - a honeycomb
 q - 3 meat rations
Scrolls
 h - a scroll of recharging
 m - 6 scrolls of identify
 p - 2 scrolls of vulnerability {unknown}
 r - 6 scrolls of remove curse
 z - 2 scrolls of fog
Jewellery
 l - a +3 ring of strength
 y - a ring of see invisible (left hand)
 K - a ring of poison resistance (right hand)
 R - a +3 ring of intelligence
Potions
 u - a potion of heal wounds
 A - 2 potions of curing
 H - a potion of restore abilities
 I - a potion of flight
 X - a potion of resistance
Miscellaneous
 o - a plain deck of changes {the Shadow}


   Skills:
 - Level 13.4(18.4) Fighting
 + Level 15.6(20.6) Axes
 - Level 2.0(7.0) Throwing
 - Level 12.5(17.5) Armour
 - Level 6.2(11.2) Dodging
 - Level 0.1(5.1) Stealth
 - Level 6.4 Invocations


You had 11 spell levels left.
You didn't know any spells.

Dungeon Overview and Level Annotations

Branches:
Dungeon (9/27)             Temple (1/1) D:4             Orc (0/4) D:9
   Lair (6/8) D:9           Swamp (0/5) Lair:6        Snake (0/5) Lair:5
  Slime: Lair:6-8

Altars:
Ashenzari
Cheibriados
Elyvilon
Fedhas
Kikubaaqudgha
Makhleb
Nemelex Xobeh
Okawaru
Sif Muna
Trog
Vehumet
Xom
Yredelemnul
Zin
the Shining One
Beogh

Shops:
D:9 ?

Annotations:
Lair:3 Maud


Innate Abilities, Weirdness & Mutations

You reflexively headbutt those who attack you in melee.
You have a pair of horns on your head.


Message History

The 18-headed hydra bites you but does no damage.
The 18-headed hydra bites you.
* * * LOW HITPOINT WARNING * * *
The 18-headed hydra completely misses you.
The 18-headed hydra bites you but does no damage.
The 18-headed hydra barely misses you.
The 18-headed hydra completely misses you.
The 18-headed hydra bites you but does no damage.
The 18-headed hydra bites you!
* * * LOW HITPOINT WARNING * * *
The 18-headed hydra completely misses you.
The 18-headed hydra bites you but does no damage.
The 18-headed hydra bites you.
* * * LOW HITPOINT WARNING * * *
The 18-headed hydra bites you but does no damage.
The 18-headed hydra bites you!
* * * LOW HITPOINT WARNING * * *
The 18-headed hydra bites you but does no damage.
The 18-headed hydra bites you!
You die...

...............########.#.....#
.........#......# ..##f.##.
........D#......# #.# ..# #
.........##.#...# #.. ..##.#.
.......ff###.#.## #.. ...
........## ##.## #.. ...
.......## ##.## ##.♣# #♣.♣#
........# ##D## ##..♣# #♣♣♣#
........## ##@# #ff.♣###♣.♣##
.........# ##.# #f...♣♣♣...♣♣
........### ## #............
).........#### #....♣♣♣...♣♣
........#....# ##...♣###♣.♣##
.............# #....♣# #♣♣♣#
...........f.## #....♣###♣.♣##
.............P## #.....♣♣♣...♣♣
...<...........#
##......♣......


You could see a 18-headed hydra.

Vanquished Creatures
  Gastronok (Lair:3)
  16 elephants
  Maurice (D:9)
  7 black mambas (Lair:5)
  6 spiny frogs
  Grinder (D:4)
  A troll (D:9)
  A fire drake (Lair:6)
  4 komodo dragons
  11 blink frogs
  A grizzly bear (Lair:3)
  2 wyverns
  10 yaks
  Eustachio (D:4)
  4 hippogriffs
  4 wolves (Lair:5)
  A hill giant skeleton (D:8)
  A hungry ghost (D:8)
  2 necrophages
  3 vampire mosquitoes (Lair:6)
  6 porcupines
  3 sky beasts
  3 giant goldfish (D:7)
  3 black bears
  An ice beast (D:8)
  4 orc warriors (D:9)
  A phantom (D:8)
  2 yellow wasps
  5 ogres
  4 centaurs
  12 giant frogs
  A giant slug (Lair:1)
  8 water moccasins
  7 crocodiles
  Blork the orc (D:5)
  5 agate snails
  2 jellyfish (D:7)
  3 electric eels
  3 killer bees (D:7)
  2 quasits
  5 crimson imps
  A centaur zombie (D:4)
  2 big fish (D:7)
  7 hounds
  10 orc priests
  5 iguanas
  An orange rat (D:9)
  2 scorpions
  7 orc wizards
  8 worker ants
  Ijyb (D:3)
  Jessica (D:8)
  20 sheep
  13 green rats
  19 adders
  2 giant centipedes
  2 inept feature mimics (D:4)
  A shadow imp (D:4)
  3 giant mites
  An inept item mimic (D:4)
  A white imp (D:4)
  3 worms
  An ufetubus (D:4)
  An iguana zombie (D:3)
  An adder skeleton (D:6)
  An adder zombie (D:7)
  4 grey rats (D:9)
  An iguana skeleton (D:6)
  9 giant geckos
  3 oozes
  49 orcs
  3 ball pythons
  17 hobgoblins
  16 jackals
  17 kobolds
  9 quokkas
  21 bats
  5 giant cockroaches
  2 giant gecko skeletons (D:5)
  9 giant newts
  A giant spore (D:6)
  11 goblins
  A hobgoblin skeleton (D:5)
  A hobgoblin zombie (D:4)
  An orc zombie (D:5)
  28 rats
  A rat skeleton (D:8)
  5 ballistomycetes
  2 butterflies (D:8)
489 creatures vanquished.

Vanquished Creatures (others)
  An orc (D:6)
  A giant spore (D:8)
  2 fungi
  4 plants
8 creatures vanquished.

Grand Total: 497 creatures vanquished

Notes
Turn   | Place    | Note
--------------------------------------------------------------
     0 | D:1      | Rake, the Minotaur Gladiator, began the quest for the Orb.
     0 | D:1      | Reached XP level 1. HP: 18/18 MP: 0/0
    81 | D:1      | Reached skill level 4 in Axes
   134 | D:1      | Reached XP level 2. HP: 23/25 MP: 0/0
   716 | D:1      | Reached skill level 5 in Axes
   898 | D:2      | Reached XP level 3. HP: 30/30 MP: 1/1
  1491 | D:2      | Found a shattered altar of Ashenzari.
  1521 | D:2      | Reached XP level 4. HP: 35/38 MP: 1/1
  1562 | D:2      | Reached skill level 6 in Axes
  2639 | D:3      | Reached XP level 5. HP: 44/44 MP: 1/1
  2713 | D:3      | Noticed Ijyb
  2726 | D:3      | Reached skill level 7 in Axes
  2754 | D:3      | Killed Ijyb
  3413 | D:4      | Noticed an ogre
  3418 | D:4      | Killed an ogre
  3418 | D:4      | Reached XP level 6. HP: 50/50 MP: 2/2
  3432 | D:4      | Noticed Grinder
  3450 | D:4      | Killed Grinder
  3450 | D:4      | Reached skill level 5 in Armour
  3450 | D:4      | Reached XP level 7. HP: 51/57 MP: 2/2
  4108 | D:4      | Noticed Eustachio
  4136 | D:4      | Killed Eustachio
  4144 | D:4      | Found a staircase to the Ecumenical Temple.
  4240 | Temple   | Entered the Ecumenical Temple
  4432 | Temple   | Became a worshipper of Warmaster Okawaru
  4608 | D:5      | Entered Level 5 of the Dungeon
  4916 | D:5      | Reached XP level 8. HP: 66/66 MP: 2/2
  4938 | D:5      | Reached skill level 5 in Fighting
  5134 | D:5      | Noticed Blork the orc
  5149 | D:5      | Acquired Okawaru's first power
  5155 | D:5      | Killed Blork the orc
  5527 | D:6      | Reached skill level 8 in Fighting
  5734 | D:6      | Reached skill level 9 in Fighting
  5924 | D:6      | Reached XP level 9. HP: 78/78 MP: 3/3
  6757 | D:7      | Reached skill level 10 in Axes
  7185 | D:7      | Reached skill level 11 in Axes
  7398 | D:7      | Found an ancient bone altar of Kikubaaqudgha.
  7691 | D:7      | Reached skill level 12 in Axes
  8314 | D:8      | Reached XP level 10. HP: 80/85 MP: 2/3
  8349 | D:8      | Noticed Jessica
  8350 | D:8      | Found a sparkling altar of Nemelex Xobeh.
  8356 | D:8      | Killed Jessica
  8356 | D:8      | Reached skill level 5 in Dodging
  8721 | D:8      | Reached skill level 1 in Invocations
  9222 | D:9      | Found Xydyfeof's Magic Scroll Boutique.
  9238 | D:9      | Found a staircase to the Lair.
  9243 | D:9      | Bought a scroll of fear for 49 gold pieces
  9243 | D:9      | Bought a scroll of identify for 28 gold pieces
  9243 | D:9      | Bought a scroll of teleportation for 42 gold pieces
  9246 | D:9      | Bought a scroll of identify for 28 gold pieces
  9246 | D:9      | Bought a scroll of identify for 28 gold pieces
  9249 | D:9      | Bought a scroll of identify for 28 gold pieces
  9389 | Lair:1   | Entered Level 1 of the Lair of Beasts
  9767 | D:9      | Noticed Maurice
  9792 | D:9      | Killed Maurice
  9792 | D:9      | Reached skill level 5 in Invocations
 10243 | D:9      | Found a roughly hewn altar of Beogh.
 10279 | D:9      | Found a staircase to the Orcish Mines.
 10765 | D:9      | Found a shimmering altar of Xom.
 10765 | D:9      | Found a deep blue altar of Sif Muna.
 11415 | Lair:1   | Reached XP level 11. HP: 68/93 MP: 12/14
 11557 | Lair:2   | Reached skill level 10 in Fighting
 11571 | Lair:2   | Reached skill level 13 in Axes
 12257 | Lair:2   | Noticed a five-headed hydra
 12267 | Lair:3   | Noticed Gastronok
 12306 | Lair:3   | Killed Gastronok
 12306 | Lair:3   | Acquired Okawaru's second power
 12308 | Lair:3   | Received a gift from Okawaru
 13143 | Lair:3   | Reached skill level 10 in Armour
 13305 | Lair:3   | Reached skill level 14 in Axes
 13503 | Lair:3   | Noticed Maud
 13795 | Lair:4   | Got a transparent mace
 13902 | Lair:4   | Reached XP level 12. HP: 59/104 MP: 16/16
 14337 | Lair:4   | Noticed a six-headed hydra
 14752 | Lair:5   | Received a gift from Okawaru
 14978 | Lair:5   | Found a staircase to the Snake Pit.
 15087 | Lair:5   | Reached skill level 15 in Axes
 15203 | Lair:5   | Noticed an eight-headed hydra
 15291 | Lair:6   | Identified the +3,+3 mace "Orb Guardian's Doom" {drain, Str+3 Dex+1} (You found it on level 4 of the Lair of Beasts)
 15745 | Lair:6   | Received a gift from Okawaru
 15978 | Lair:6   | Noticed an eight-headed hydra
 16328 | Lair:6   | Found a staircase to the Swamp.
 16407 | Lair:6   | Slain by a 18-headed hydra

Action                   |  1- 3 |  4- 6 |  7- 9 | 10-12 || total
-------------------------+-------+-------+-------+-------++-------
Melee: Hand axe          |   107 |   165 |   488 |   284 ||  1044
       War axe           |       |       |       |   237 ||   237
       Broad axe         |       |       |       |   401 ||   401
       Executioner's axe |       |       |       |    44 ||    44
Throw: Throwing net      |     1 |     2 |       |     2 ||     5
Invok: Heroism           |       |       |     6 |    25 ||    31
       Finesse           |       |       |       |     2 ||     2
Evoke: Wand              |       |       |     2 |     9 ||    11
  Use: Scroll            |       |     3 |    19 |    19 ||    41
       Potion            |       |     4 |     3 |     9 ||    16
 Stab: Held in net/web   |       |     1 |       |       ||     1
       Sleeping          |       |       |       |     1 ||     1
